A- - U25
EVERETT AQUASOX @ WENATCHEE CHIEFS
09/24/2052
 
TOP OF THE 1ST
Mexico City Diablos Rojos batting - Pitching for Quintana Roo Kangas : RHP Kai Haycock
Pitching: RHP Kai Haycock
Batting: RHB Colton Johnson 0-0: Called Strike
0-1: Ball
1-1: Ball
2-1: Ball
3-1: Base on Balls
Batting: LHB Sergio Velez 0-0: Called Strike
0-1: Ball
1-1: Swinging Strike
1-2: Grounds into double play, 1-6-3 (Groundball, P, EV 69.4 MPH)
Batting: RHB Ted Harris 0-0: Ball
1-0: Foul Ball, location: 2F
1-1: Ball
2-1: Fly out, F9 (Flyball, 9, EV 83.1 MPH)
Top of the 1st over - 0 runs, 0 hits, 0 errors, 0 left on base; Mexico City 0 - Quintana Roo 0
BOTTOM OF THE 1ST
Quintana Roo Kangas batting - Pitching for Mexico City Diablos Rojos : RHP Jaden Rigney
Pitching: RHP Jaden Rigney
Batting: SHB Dean Schultz 0-0: Called Strike
0-1: Fly out, F8 (Line Drive, 8RD, EV 83.8 MPH)
Batting: RHB Johnny Febus 0-0: Ball
1-0: Ball
2-0: Ground out 6-3 (Groundball, 6, EV 99.4 MPH)
Batting: RHB Jeh Izambard 0-0: Foul Ball, location: 2F
0-1: Foul Ball, location: 5F
0-2: Ball
1-2: Ball
2-2: Ball
3-2: Base on Balls
Batting: LHB Whit Windt 0-0: Ball
1-0: Ball
2-0: Foul Ball, location: 5SF
2-1: Ball
3-1: Called Strike
3-2: Base on Balls
Jeh Izambard to second
Batting: RHB Kai Wasilewski 0-0: Called Strike
0-1: DOUBLE (Line Drive, 9LS, EV 101.3 MPH)
Jeh Izambard scores
Whit Windt to third
Runner from 3rd tries for Home, throw by RF and OUT! 9-4-2
Bottom of the 1st over - 1 run, 1 hit, 0 errors, 1 left on base; Mexico City 0 - Quintana Roo 1
TOP OF THE 2ND
Mexico City Diablos Rojos batting - Pitching for Quintana Roo Kangas : RHP Kai Haycock
Batting: LHB Jeremiah West 0-0: Ball
1-0: Fly out, F9 (Flyball, 9, EV 80.0 MPH)
Batting: LHB Jeffrey Woodard 0-0: Ball
1-0: Ball
2-0: Called Strike
2-1: Fly out, F9 (Flyball, 9LS, EV 89.4 MPH)
Batting: LHB Jake Witherspoon 0-0: Called Strike
0-1: Ground out 4-3 (Groundball, 4, EV 86.9 MPH)
Top of the 2nd over - 0 runs, 0 hits, 0 errors, 0 left on base; Mexico City 0 - Quintana Roo 1
BOTTOM OF THE 2ND
Quintana Roo Kangas batting - Pitching for Mexico City Diablos Rojos : RHP Jaden Rigney
Batting: RHB Sydney Cislo 0-0: Ball
1-0: Swinging Strike
1-1: Ball
2-1: Foul Ball, location: 9LSF
2-2: Strikes out swinging
Batting: RHB Scotty Dang 0-0: Ground out 6-3 (Groundball, 56D, EV 94.4 MPH)
Batting: SHB Vlad Velarde 0-0: Ball
1-0: Called Strike
1-1: Fly out, F7 (Flyball, 7D, EV 105.6 MPH)
Bottom of the 2nd over - 0 runs, 0 hits, 0 errors, 0 left on base; Mexico City 0 - Quintana Roo 1
TOP OF THE 3RD
Mexico City Diablos Rojos batting - Pitching for Quintana Roo Kangas : RHP Kai Haycock
Batting: SHB Don Glynn 0-0: Ball
1-0: Called Strike
1-1: Ball
2-1: Swinging Strike
2-2: Foul Ball, location: 7LDF
2-2: Ball
3-2: Strikes out looking
Batting: RHB Ollie Pryor 0-0: Called Strike
0-1: Ground out U3 (Groundball, 34, EV 76.9 MPH)
Batting: RHB Austin Nelson 0-0: Foul Ball, location: 2F
0-1: Called Strike
0-2: SINGLE (Line Drive, 34D, EV 66.9 MPH)
Pitching: RHP Jonathan Gibbs
Batting: RHB Colton Johnson 0-0: Ball
1-0: Called Strike
1-1: Called Strike
1-2: Ball
2-2: Ball
Austin Nelson is caught stealing 2nd base 2-4
Top of the 3rd over - 0 runs, 1 hit, 0 errors, 0 left on base; Mexico City 0 - Quintana Roo 1
BOTTOM OF THE 3RD
Quintana Roo Kangas batting - Pitching for Mexico City Diablos Rojos : RHP Jaden Rigney
Batting: RHB Yadier Roque 0-0: Ground out 5-3 (Groundball, 56S, EV 76.3 MPH)
Batting: SHB Dean Schultz 0-0: Foul Ball, location: 5FF
0-1: Ball
1-1: Ground out 3-1 (Groundball, 34, EV 88.8 MPH)
Batting: RHB Johnny Febus 0-0: Fly out, F2 (Popup, 23F, EV 83.8 MPH)
Bottom of the 3rd over - 0 runs, 0 hits, 0 errors, 0 left on base; Mexico City 0 - Quintana Roo 1
TOP OF THE 4TH
Mexico City Diablos Rojos batting - Pitching for Quintana Roo Kangas : RHP Jonathan Gibbs
Batting: RHB Colton Johnson 0-0: Ball
1-0: Swinging Strike
1-1: Ball
2-1: Called Strike
2-2: Foul Ball, location: 9LDF
2-2: Strikes out swinging
Batting: LHB Sergio Velez 0-0: Called Strike
0-1: Ball
1-1: Foul Ball, location: 2F
1-2: Strikes out swinging
Batting: RHB Ted Harris 0-0: Ball
1-0: Called Strike
1-1: Foul Ball, location: 5DF
1-2: Fly out, F7 (Flyball, 7D, EV 103.8 MPH)
Top of the 4th over - 0 runs, 0 hits, 0 errors, 0 left on base; Mexico City 0 - Quintana Roo 1
BOTTOM OF THE 4TH
Quintana Roo Kangas batting - Pitching for Mexico City Diablos Rojos : RHP Jaden Rigney
Batting: RHB Jeh Izambard 0-0: Foul Ball, location: 2F
0-1: Ball
1-1: Ball
2-1: Foul Ball, location: 2F
2-2: Foul Ball, location: 23F
2-2: Strikes out swinging
Batting: LHB Whit Windt 0-0: SINGLE (Line Drive, 34D, EV 98.8 MPH)
Batting: RHB Kai Wasilewski 0-0: Ball
1-0: SINGLE (Groundball, 4, EV 97.5 MPH) (infield hit)
Whit Windt to second
Batting: RHB Sydney Cislo 0-0: Ball
1-0: SINGLE (Groundball, 6MD, EV 106.3 MPH)
Whit Windt to third
Kai Wasilewski to second
Runner from 3rd tries for Home, SAFE, throw by CF to home
Batting: RHB Scotty Dang 0-0: Called Strike
0-1: Called Strike
0-2: Foul Ball, location: 5F
0-2: Foul Ball, location: 9LDF
0-2: Ball
1-2: Fly out, F4 (Popup, 4, EV 56.9 MPH)
Batting: SHB Vlad Velarde 0-0: Called Strike
0-1: Ball
1-1: Foul Ball, location: 2F
1-2: Strikes out looking
Bottom of the 4th over - 1 run, 3 hits, 0 errors, 2 left on base; Mexico City 0 - Quintana Roo 2
TOP OF THE 5TH
Mexico City Diablos Rojos batting - Pitching for Quintana Roo Kangas : RHP Jonathan Gibbs
Batting: LHB Jeremiah West 0-0: Ball
1-0: Fly out, F8 (Flyball, 78M, EV 98.1 MPH)
Batting: LHB Jeffrey Woodard 0-0: Foul Ball, location: 2F
0-1: SINGLE (Groundball, 4, EV 107.5 MPH)
Batting: LHB Jake Witherspoon 0-0: Ball
1-0: Foul Ball, location: 3F
1-1: Fly out, F9 (Flyball, 89M, EV 86.3 MPH)
Batting: SHB Don Glynn 0-0: Called Strike
0-1: Foul Ball, location: 25F
0-2: Strikes out swinging
Top of the 5th over - 0 runs, 1 hit, 0 errors, 1 left on base; Mexico City 0 - Quintana Roo 2
BOTTOM OF THE 5TH
Quintana Roo Kangas batting - Pitching for Mexico City Diablos Rojos : RHP Jaden Rigney
Batting: RHB Yadier Roque 0-0: Ball
1-0: Foul Ball, location: 2F
1-1: Called Strike
1-2: Strikes out swinging
Batting: SHB Dean Schultz 0-0: Ball
1-0: SINGLE (Groundball, 4MD, EV 95.6 MPH)
Batting: RHB Johnny Febus 0-0: Ball
1-0: Fly out, F7 (Flyball, 78M, EV 90.6 MPH)
Batting: RHB Jeh Izambard 0-0: Ball
1-0: Fielders Choice at 2nd, 5-4 (Groundball, 5L, EV 90.0 MPH)
Bottom of the 5th over - 0 runs, 1 hit, 0 errors, 1 left on base; Mexico City 0 - Quintana Roo 2
TOP OF THE 6TH
Mexico City Diablos Rojos batting - Pitching for Quintana Roo Kangas : RHP Jonathan Gibbs
Batting: RHB Ollie Pryor 0-0: Ground out 5-3 (Groundball, 5, EV 91.3 MPH)
Batting: RHB Austin Nelson 0-0: Fly out, F8 (Flyball, 8RD, EV 101.9 MPH)
Batting: RHB Colton Johnson 0-0: Called Strike
0-1: Ground out 4-3 (Groundball, 4M, EV 88.8 MPH)
Top of the 6th over - 0 runs, 0 hits, 0 errors, 0 left on base; Mexico City 0 - Quintana Roo 2
BOTTOM OF THE 6TH
Quintana Roo Kangas batting - Pitching for Mexico City Diablos Rojos : RHP Jaden Rigney
Batting: LHB Whit Windt 0-0: Ball
1-0: Ground out U3 (Groundball, 3S, EV 82.5 MPH)
Batting: RHB Kai Wasilewski 0-0: Ball
1-0: Ball
2-0: Ground out 1-3 (Groundball, 34S, EV 64.4 MPH)
Batting: RHB Sydney Cislo 0-0: Ball
1-0: DOUBLE (Line Drive, 78D, EV 103.8 MPH)
Batting: RHB Scotty Dang 0-0: Ball
1-0: Foul Ball, location: 9LDF
1-1: Ball
2-1: Foul Ball, location: 2F
2-2: Fly out, F8 (Flyball, 8RD, EV 94.4 MPH)
Bottom of the 6th over - 0 runs, 1 hit, 0 errors, 1 left on base; Mexico City 0 - Quintana Roo 2
TOP OF THE 7TH
Mexico City Diablos Rojos batting - Pitching for Quintana Roo Kangas : RHP Jonathan Gibbs
Batting: LHB Sergio Velez 0-0: Ball
1-0: Ball
2-0: Called Strike
2-1: Called Strike
2-2: Foul Ball, location: 2F
2-2: Ground out 4-3 (Groundball, 4, EV 93.8 MPH)
Batting: RHB Ted Harris 0-0: Ball
1-0: SINGLE (Line Drive, 89S, EV 110.0 MPH)
Pitching: LHP Ralph Gatton
Batting: LHB Jeremiah West 0-0: Ball
1-0: Swinging Strike
1-1: Foul Ball, location: 7LSF
1-2: Ball
2-2: Foul Ball, location: 2F
2-2: Foul Ball, location: 5SF
2-2: Strikes out swinging
Batting: LHB Jeffrey Woodard 0-0: Foul Ball, location: 7LMF
0-1: Called Strike
0-2: Ball
1-2: Strikes out looking
Top of the 7th over - 0 runs, 1 hit, 0 errors, 1 left on base; Mexico City 0 - Quintana Roo 2
BOTTOM OF THE 7TH
Quintana Roo Kangas batting - Pitching for Mexico City Diablos Rojos : RHP Jaden Rigney
Batting: SHB Vlad Velarde 0-0: Ball
1-0: Fly out, F5 (Popup, 15, EV 81.3 MPH)
Batting: RHB Yadier Roque 0-0: Called Strike
0-1: Ball
1-1: Fly out, F9 (Flyball, 89M, EV 94.4 MPH)
Batting: SHB Dean Schultz 0-0: Foul Ball, location: 3DF
0-1: Ball
1-1: Ball
2-1: Swinging Strike
2-2: Foul Ball, location: 3F
2-2: Ground out U3 (Groundball, 3L, EV 78.8 MPH)
Bottom of the 7th over - 0 runs, 0 hits, 0 errors, 0 left on base; Mexico City 0 - Quintana Roo 2
TOP OF THE 8TH
Mexico City Diablos Rojos batting - Pitching for Quintana Roo Kangas : LHP Ralph Gatton
Batting: LHB Jake Witherspoon 0-0: Ball
1-0: Swinging Strike
1-1: Called Strike
1-2: Foul Ball, location: 2F
1-2: Ball
2-2: Foul Ball, location: 23F
2-2: Ball
3-2: Strikes out swinging
Pitching: LHP Geraldo Aldana
Batting: SHB Don Glynn 0-0: Ball
1-0: Swinging Strike
1-1: Called Strike
1-2: Ball
2-2: Ball
3-2: Foul Ball, location: 25F
3-2: Fly out, F9 (Flyball, 9, EV 92.5 MPH)
Batting: RHB Ollie Pryor 0-0: Fly out, F5 (Popup, 56, EV 73.8 MPH)
Top of the 8th over - 0 runs, 0 hits, 0 errors, 0 left on base; Mexico City 0 - Quintana Roo 2
BOTTOM OF THE 8TH
Quintana Roo Kangas batting - Pitching for Mexico City Diablos Rojos : RHP Jaden Rigney
Batting: RHB Johnny Febus 0-0: Ball
1-0: Ball
2-0: Foul Ball, location: 23FF
2-1: Foul Ball, location: 7LSF
2-2: Foul Ball, location: 9LSF
2-2: Ball
3-2: SINGLE (Line Drive, 78S, EV 86.3 MPH)
Batting: RHB Jeh Izambard 0-0: Ball
1-0: Ball
2-0: Ball
3-0: Called Strike
3-1: Foul Ball, location: 9LDF
3-2: Base on Balls
Johnny Febus to second
Batting: LHB Whit Windt 0-0: Swinging Strike
0-1: Called Strike
0-2: Ball
1-2: Ball
2-2: Strikes out swinging
Pitching: RHP Ismaldo Brito
Batting: RHB Kai Wasilewski 0-0: Foul Ball, location: 25FF
0-1: Grounds into double play, 4-6-3 (Groundball, 4M, EV 80.6 MPH)
Bottom of the 8th over - 0 runs, 1 hit, 0 errors, 1 left on base; Mexico City 0 - Quintana Roo 2
TOP OF THE 9TH
Mexico City Diablos Rojos batting - Pitching for Quintana Roo Kangas : LHP Geraldo Aldana
Pitching: RHP Parker Koster
Now at 1B: Ferdinand Soto
Batting: RHB Austin Nelson 0-0: Foul Ball, location: 2F
0-1: SOLO HOME RUN (Flyball, 7D, EV 101.9 MPH), Distance : 366 ft
Batting: RHB Colton Johnson 0-0: Called Strike
0-1: SINGLE (Groundball, 34D, EV 101.3 MPH)
Batting: LHB Sergio Velez 0-0: Called Strike
0-1: Ball
1-1: Ball
2-1: Swinging Strike
2-2: Foul Ball, location: 2F
2-2: Ball
3-2: Fielders Choice at 2nd, 4-6 (Groundball, 34, EV 87.5 MPH)
Batting: RHB Ted Harris 0-0: Ball
1-0: Ball
2-0: Ball
3-0: Base on Balls
Sergio Velez to second
Pinch Runner at 2nd Aiden Wilkinson:
Batting: LHB Jeremiah West 0-0: Ball
1-0: Foul Ball, location: 2F
1-1: Called Strike
1-2: Strikes out swinging
Batting: LHB Jeffrey Woodard 0-0: Foul Ball, location: 7LDF
0-1: Ball
1-1: Ground out U3 (Groundball, 3, EV 100.0 MPH)
Top of the 9th over - 1 run, 2 hits, 0 errors, 2 left on base; Mexico City 1 - Quintana Roo 2
Thursday, May 9th , 2024 - OOTP Baseball 24.11 Build 85